 Dungeon Crawl Stone Soup version 0.29-a0-284-gf9362112df (webtiles) character file.

Game seed: 9860366890559177535

329011 dolemite99 the Slayer (level 21, -1/199 (206) HPs)
             Began as a Minotaur Fighter on Mar 19, 2022.
             Was a Priest of Fedhas.
             Slain by a vampire knight
             ... wielding a +0 great mace
              (9 damage)
             ... while paralysed by a vampire knight
             ... on level 1 of the Depths.
             The game lasted 01:51:17 (86227 turns).

dolemite99 the Slayer (Minotaur Fighter)           Turns: 86227, Time: 01:51:17

HP:   -1/199 (206)  AC: 20    Str: 30    XL:     21   Next: 14%
MP:   33/33         EV:  2    Int:  7    God:    Fedhas [***...]
Gold: 1149          SH:  0    Dex: 16    Spells: 20/20 levels left

rFire   + . .      SeeInvis +   a - +6 broad axe (freeze)
rCold   + . .      Faith    +   t - +0 kite shield
rNeg    . . .      Spirit   .   i - +3 plate armour {rF+}
rPois   +          Reflect  .   o - +2 hat
rElec   .          Harm     .   T - +1 cloak
rCorr   .          Rampage  .   B - +2 pair of gloves {Dex+3}
Will    .....                   M - +1 pair of boots {Fly}
Stlth   ..........              G - amulet of faith
HPRegen 0.43/turn               y - +6 ring of dexterity
MPRegen 0.23/turn               z - ring "Anuimomu" {rPois rC+ Dex-3 SInv, =R}

@: paralysed, weak-willed, corroded, flying, studying Ice Magic, lightly drained
A: horns 2, retaliatory headbutt
}: 1/15 runes: decaying
a: Renounce Religion, Wall of Briars, Grow Ballistomycete


You were on level 1 of the Depths.
You worshipped Fedhas.
Fedhas was most pleased with you.
You visited 8 branches of the dungeon, and saw 39 of its levels.
You visited the Abyss 1 time.

You collected 4939 gold pieces.
You spent 3790 gold pieces at shops.

Inventory:

Hand Weapons
 a - a +6 broad axe of freezing (weapon)
 b - a +4 demon whip of electrocution
 l - a +1 broad axe of freezing
 m - the +4 dagger of Internal Strife {pain, rElec}
   (You found it on level 3 of the Dungeon)

   In the hands of one skilled in necromantic magic, it inflicts extra damage on
   living creatures.
   rElec:     It insulates you from electricity.
 Y - the +8 morningstar "Seubb" {vamp, rC- Str+4 Dex+2}
   (You found it on level 2 of the Swamp)

   It occasionally heals its wielder for a portion of the damage dealt when it
   wounds a living foe.
   Str:       It affects your strength (+4).
   Dex:       It affects your dexterity (+2).
   rC:        It makes you vulnerable to cold.
Missiles
 f - 1123 stones (quivered)
 j - a curare-tipped dart
 N - 7 poisoned darts
 R - a throwing net
Armour
 i - a +3 plate armour of fire resistance (worn)
 o - a +2 hat (worn)
 t - a +0 kite shield (worn)
 B - a +2 pair of gloves of dexterity (worn)
 M - a +1 pair of boots of flying (worn)
 T - a +1 cloak (worn)
Jewellery
 u - a ring of resist corrosion
 y - a +6 ring of dexterity (left hand)
 z - the ring "Anuimomu" (right hand) {rPois rC+ Dex-3 SInv, =R}
   (You bought it in a shop on level 1 of the Dungeon)

   [ring of see invisible]

   Dex:       It affects your dexterity (-3).
   rC:        It protects you from cold.
   rPois:     It protects you from poison.
   SInv:      It lets you see invisible.
 A - a ring of positive energy
 G - an amulet of faith (around neck)
 K - a ring of protection from fire
 O - a ring of protection from fire
 V - the amulet of Cin Voxt {Spirit rElec rPois Str+3 Dex-4}
   (You found it on level 4 of the Vaults)

   [amulet of guardian spirit]

   It causes incoming damage to be divided between your reserves of health and
   magic.
   Str:       It affects your strength (+3).
   Dex:       It affects your dexterity (-4).
   rElec:     It insulates you from electricity.
   rPois:     It protects you from poison.
Wands
 d - a wand of flame (8)
 e - a wand of paralysis (20)
 E - a wand of digging (12)
 H - a wand of charming (17)
 X - a wand of polymorph (8)
Scrolls
 c - a scroll of silence
 g - 3 scrolls of vulnerability
 h - 10 scrolls of amnesia
 k - 3 scrolls of brand weapon
 p - a scroll of magic mapping
 q - 2 scrolls of blinking
 w - 30 scrolls of identify {@r1}
 C - a scroll of fog
 F - 11 scrolls of teleportation
 S - a scroll of holy word
Potions
 n - 8 potions of brilliance
 r - 5 potions of berserk rage
 s - 4 potions of curing
 v - 7 potions of flight
 D - 4 potions of cancellation
 J - 2 potions of magic
 Q - 4 potions of attraction
 U - a potion of heal wounds
 Z - a potion of invisibility
Miscellaneous
 x - a phial of floods
 I - a condenser vane (inert)
 L - a phantom mirror (inert)
 P - a box of beasts (inert)
 W - a lightning rod (inert)


   Skills:
 - Level 21.9 Fighting
 - Level 17.7 Axes
 - Level 7.0 Throwing
 - Level 17.8 Armour
 - Level 15.8 Shields
 + Level 18.6 Invocations
 - Level 13.0 Evocations


You had 20 spell levels left.
You didn't know any spells.
Your spell library contained the following spells:

 Spells                   Type           Power      Damage    Failure   Level
 Animate Skeleton         Necr           0%         N/A       98%         1
 Apportation              Tloc           0%         N/A       98%         1
 Foxfire                  Conj/Fire      0%         2x1d4     98%         1
 Magic Dart               Conj           0%         1d3       98%         1
 Pain                     Necr           0%         1d4       98%         1
 Sandblast                Erth           0%         2d4       98%         1
 Sting                    Tmut/Pois      0%         1d3       98%         1
 Summon Small Mammal      Summ           0%         N/A       98%         1
 Blink                    Tloc           0%         N/A       99%         2
 Call Imp                 Summ           0%         N/A       99%         2
 Ensorcelled Hibernation  Hex/Ice        0%         N/A       99%         2
 Passwall                 Tmut/Erth      0%         N/A       99%         2
 Poisonous Vapours        Pois/Air       0%         N/A       99%         2
 Static Discharge         Conj/Air       0%         N/A       99%         2
 Gell's Gravitas          Tloc           0%         N/A       100%        3
 Lesser Beckoning         Tloc           0%         N/A       100%        3
 Mephitic Cloud           Conj/Pois/Air  0%         N/A       100%        3
 Spider Form              Tmut/Pois      0%         N/A       100%        3
 Summon Guardian Golem    Hex/Summ       0%         N/A       100%        3
 Swiftness                Air            0%         N/A       100%        3
 Teleport Other           Tloc           0%         N/A       100%        3
 Tukima's Dance           Hex            0%         N/A       100%        3
 Vampiric Draining        Necr           0%         2d6       100%        3
 Airstrike                Air            0%         N/A       100%        4
 Anguish                  Hex/Necr       0%         N/A       100%        4
 Animate Armour           Summ/Erth      0%         N/A       100%        4
 Dispel Undead            Necr           0%         3d6       100%        4
 Fulminant Prism          Conj/Hex       0%         3d6       100%        4
 Iskenderun's Mystic Bla  Conj/Tloc      0%         2d3       100%        4
 Olgreb's Toxic Radiance  Pois           0%         N/A       100%        4
 Petrify                  Tmut/Erth      0%         N/A       100%        4
 Sticky Flame             Conj/Fire      0%         2d3       100%        4
 Summon Lightning Spire   Summ/Air       0%         N/A       100%        4
 Alistair's Intoxication  Tmut/Pois      0%         N/A       100%        5
 Fireball                 Conj/Fire      0%         3d3       100%        5
 Iskenderun's Battlesphe  Conj           0%         2d6       100%        5
 Lee's Rapid Deconstruct  Erth           0%         3d5*      100%        5
 Lightning Bolt           Conj/Air       0%         1d11      100%        5
 Manifold Assault         Tloc           0%         N/A       100%        5
 Conjure Ball Lightning   Conj/Air       0%         3x3d6     100%        6
 Eringya's Noxious Bog    Tmut/Pois      0%         N/A       100%        6
 Starburst                Conj/Fire      0%         6d3       100%        6
 Enfeeble                 Hex            0%         N/A       100%        7
 Malign Gateway           Summ/Tloc      0%         N/A       100%        7
 Orb of Destruction       Conj           0%         9d5       100%        7
 Ozocubu's Refrigeration  Ice            0%         4d5       100%        7
 Storm Form               Tmut/Air       0%         N/A       100%        7
 Discord                  Hex            0%         N/A       100%        8
 Ignition                 Fire           0%         3d3       100%        8
 Summon Horrible Things   Summ           0%         N/A       100%        8
 Shatter                  Erth           0%         3d5*      100%        9


Dungeon Overview and Level Annotations

Branches:
Dungeon (15/15)            Temple (0/1) D:4            Lair (6/6) D:8
  Swamp (4/4) Lair:3       Spider (4/4) Lair:4        Slime (0/5) Lair:6
    Orc (2/2) D:9             Elf (3/3) Orc:2        Vaults (4/5) D:14
  Crypt (0/3) Vaults:2     Depths (1/4) D:15

Altars:
Ashenzari
Fedhas
Gozag
Kikubaaqudgha
Makhleb
Nemelex Xobeh
Qazlal
Ru
Sif Muna
Trog
Xom
Yredelemnul
Beogh

Shops:
D:1 [!!(=   D:6 *   D:9 ?   Orc:2 ![![   Elf:1 (   Vaults:1 *   Vaults:2 ?[=
Vaults:3 (

Annotations:
Swamp:1 2 transporters, sirJeffrey23's ghost, journeyman DsMo
Swamp:2 3 runed translucent doors, Efairey's ghost, adept DsGl; dolemite99's ghost, adept DsFi
Spider:2 1 runed translucent door, ooooo's ghost, journeyman OpCj
Spider:3 Roxanne
Elf:1 2 transporters, sirJeffrey23's ghost, journeyman DsMo


Innate Abilities, Weirdness & Mutations

You have a pair of horns on your head.
You reflexively headbutt those who attack you in melee.


Message History

You suddenly lose the ability to move!
The caustic shrike claws you! The acid corrodes you!
You are splashed with acid!
The caustic shrike claws you!
You are splashed with acid!
An ettin comes into view. It is wielding two +0 great maces.
The phantasmal warrior hits you but does no damage.
The vampire knight hits you with a +0 great mace.
The vampire knight bites you but does no damage.
The caustic shrike claws you!!
You are splashed with acid.
The caustic shrike claws you.
You are splashed with acid!
The phantasmal warrior hits you but does no damage.
The vampire knight hits you with a +0 great mace!
The vampire knight bites you but does no damage.
The caustic shrike barely misses you.
The caustic shrike claws you but does no damage.
The phantasmal warrior hits you!!
The vampire knight points at you and mumbles some strange words.
You shrug off the repeated paralysis!
The caustic shrike claws you!
* * * LOW HITPOINT WARNING * * *
The acid corrodes you!
You are splashed with acid!
* * * LOW HITPOINT WARNING * * *
The caustic shrike claws you.
* * * LOW HITPOINT WARNING * * *
You are splashed with acid.
* * * LOW HITPOINT WARNING * * *
The phantasmal warrior hits you but does no damage.
The vampire knight gestures wildly while chanting.
The vampire knight seems to speed up.
The caustic shrike claws you!
* * * LOW HITPOINT WARNING * * *
The acid corrodes you!
You are splashed with acid!
* * * LOW HITPOINT WARNING * * *
The caustic shrike claws you but does no damage.
The vampire knight hits you with a +0 great mace!!
* * * LOW HITPOINT WARNING * * *
The vampire knight bites you but does no damage.
The phantasmal warrior hits you.
* * * LOW HITPOINT WARNING * * *
The caustic shrike claws you but does no damage.
The vampire knight hits you with a +0 great mace!
You die...
Fedhas appreciates your contribution to the ecosystem.

#...# #....#
#..... #
#.$...
..#..#..## ##
##.....C.##.##
.......#W#...#
.....CHV@...#
......#b#<###
.#.....####
..#..#. # #.
.. # .#. ...#
## .


You could see a caustic shrike, a sphinx, a stone giant, a vampire knight
(fast), an ettin and a phantasmal warrior.

Vanquished Creatures
  Saint Roka (Vaults:1)
  Jorgrun (Swamp:3)
  2 tentacled monstrosities
  3 deep elf blademasters
  2 liches
  Mlioglotl (Swamp:2)
  2 deep elf master archers (Elf:3)
  3 sphinxes
  An ancient champion (Vaults:2)
  A tengu reaver (Vaults:4)
  Frances (Lair:4)
  A shadow dragon (Vaults:4)
  A storm dragon (Vaults:4)
  Kirke (Swamp:2)
  Donald (Swamp:2)
  A fire giant (Vaults:4)
  10 vault wardens
  Aizul (Elf:1)
  7 deep elf sorcerers
  A balrug (Abyss:2)
  A frost giant (Vaults:4)
  2 emperor scorpions
  An orc warlord (Vaults:1)
  A ghost moth (Spider:3)
  Louise (Spider:1)
  2 war gargoyles (Vaults:2)
  6 very ugly things
  14 ironbound preservers
  A stone giant (Vaults:4)
  3 broodmothers
  3 deep elf annihilators (Elf:3)
  3 eleionomae (Swamp:2)
  Azrael (D:12)
  8 bunyips
  2 ironbound thunderhulks
  7 deep elf demonologists
  2 entropy weavers
  8 dire elephants (Vaults:1)
  A crystal guardian (Vaults:3)
  9 deep elf death magi
  A fire dragon (D:13)
  3 ettins
  The ghost of avis the Grappler, a journeyman HOTm of Beogh (Lair:2)
  3 ice dragons (Swamp:4)
  3 deep elf high priests
  Fannar (D:12)
  A spriggan zombie (D:15)
  14 vault guards
  4 great orbs of eyes
  7 yaktaur captains
  7 ironbound frosthearts
  6 boulder beetles
  2 jorogumos
  A spriggan air mage (Swamp:2)
  An ogre mage (D:15)
  3 peacekeepers
  11 hydras
  3 catoblepae
  A ghost crab (Swamp:2)
  A radroach (Spider:2)
  20 dancing weapons
  5 centaur warriors
  9 alligators
  6 two-headed ogres
  A vampire mage (D:15)
  A death yak (Lair:5)
  A spriggan berserker (Swamp:2)
  3 thrashing horrors (Abyss:2)
  Nergalle (D:10)
  Sonja (Lair:2)
  14 deep elf knights
  A wretched star (Abyss:2)
  A soul eater (Vaults:2)
  A skeletal warrior (Vaults:2)
  5 steelbarb worms
  A spark wasp zombie (D:15)
  3 pharaoh ants (Spider:1)
  3 goliath frogs (Swamp:1)
  49 deep trolls
  4 swamp dragons
  5 spriggan druids
  5 bog bodies
  2 starcursed masses (Abyss:2)
  9 deep elf archers
  10 orb spiders
  12 ironbound convokers
  A harpy (Vaults:2)
  7 lindwurms (Vaults:1)
  Pikel (D:5)
  2 phantasmal warriors
  6 necromancers
  5 orc knights
  28 deep elf zephyrmancers
  7 wizards
  15 deep elf pyromancers
  2 orc sorcerers
  8 wolf spiders
  22 ugly things
  A fire giant zombie (D:15)
  5 cyclopes
  8 elephants (Lair:6)
  A moth of wrath (Spider:1)
  A will-o-the-wisp (Swamp:3)
  A wolf spider (shapeshifter) (Elf:3)
  2 black mambas
  A manticore (D:12)
  7 cane toads
  A guardian serpent (Vaults:4)
  A water nymph (shapeshifter) (Abyss:2)
  7 torpor snails
  8 vault sentinels
  A frost giant skeleton (D:15)
  An eye of devastation (Vaults:4)
  23 yaktaurs
  2 gargoyles
  An unseen horror (D:10)
  3 demonic crawlers
  5 komodo dragons
  6 freezing wraiths
  2 rime drakes
  A komodo dragon (shapeshifter) (D:13)
  7 trolls
  2 guardian mummies (D:15)
  A hornet (shapeshifter) (D:15)
  A bloated husk (Swamp:4)
  A harpy zombie (Abyss:2)
  14 hornets
  12 tyrant leeches
  3 meliai (D:15)
  11 tarantellas
  8 polar bears
  A raiju (Abyss:2)
  13 blink frogs
  40 slime creatures
  A human simulacrum (Vaults:3)
  17 jumping spiders
  2 dream sheep (Lair:6)
  15 culicivoras
  4 flying skulls (D:9)
  A deep troll skeleton (Vaults:3)
  4 shadows
  3 air elementals
  A ynoxinul (Abyss:2)
  A centaur simulacrum (D:14)
  A vampire (D:13)
  3 wyverns
  24 spriggans
  6 wraiths
  37 yaks
  2 fire bats (Abyss:2)
  A water elemental (Elf:2)
  A hog (Swamp:2)
  2 steam dragons
  2 fire elementals (D:12)
  Grum (Lair:1)
  3 swamp worm simulacra (Swamp:4)
  5 basilisks
  32 redbacks
  20 swamp worms
  3 vampire mosquitoes
  A warg (Orc:2)
  An acid dragon (D:12)
  2 large abominations (Abyss:2)
  14 water moccasins
  3 hell hounds (D:12)
  4 swamp drakes
  14 hydra simulacra (Swamp:4)
  7 black bears
  32 orc warriors
  5 ice beasts
  8 ogres
  A boggart (Lair:6)
  3 small abominations (Abyss:2)
  18 wolves
  3 human skeletons (Vaults:4)
  21 centaurs
  A phantom (D:5)
  Blork the orc (D:4)
  10 bullfrogs
  A bullfrog (shapeshifter) (Vaults:4)
  2 kobold brigands (D:7)
  A human zombie (Vaults:4)
  2 gnoll sergeants
  3 necrophages
  4 scorpions
  2 earth elementals
  11 wights
  A wyvern skeleton (D:9)
  19 killer bees
  10 howler monkeys
  17 electric eels
  8 jellies
  Crazy Yiuf (D:2)
  4 centaur zombies (D:9)
  A quasit (Abyss:2)
  A gnoll shaman (D:8)
  5 orc priests
  7 centaur skeletons (D:9)
  12 hounds
  3 iguanas
  10 orc wizards
  4 yak simulacra (Lair:2)
  A polar bear simulacrum (Lair:2)
  3 wolf simulacra (Lair:2)
  2 howler monkey zombies (D:9)
  Robin (D:2)
  15 gnolls
  8 adders
  2 howler monkey skeletons (D:9)
  4 shadow imps (D:7)
  14 white imps
  3 swamp drake simulacra (Swamp:4)
  An adder zombie (D:3)
  3 worms
  5 dart slugs
  70 orcs
  5 bats
  3 endoplasms
  3 giant cockroaches
  12 goblins
  14 hobgoblins
  8 jackals
  A quokka (D:4)
  8 ball pythons
  5 frilled lizards
  A giant cockroach zombie (D:3)
  13 kobolds
  10 rats
  3 river rat simulacra (Lair:2)
  11 ballistomycete spores
  4 starspawn tentacles (Swamp:2)
1375 creatures vanquished.

Vanquished Creatures (collateral kills)
  Nikola (Spider:2)
  A deep elf elementalist (Elf:3)
  An entropy weaver (Vaults:1)
  A deep elf high priest (Vaults:4)
  2 hydras
  2 deep elf knights (Elf:3)
  3 deep elf zephyrmancers (Elf:3)
  A wolf spider (Spider:1)
  A deep elf pyromancer (Elf:3)
  A yaktaur (Vaults:1)
  Psyche (D:9)
  A frost giant simulacrum (Vaults:3)
  A spriggan (Lair:6)
  A fire bat (Abyss:2)
  An orc warrior (Orc:2)
  2 boggarts (Lair:6)
  A wolf (Lair:6)
  3 wights (D:9)
  2 orcs (Orc:2)
  378 ballistomycete spores
405 creatures vanquished.

Vanquished Creatures (others)
  2 thorn hunters
  A fenstrider witch (Swamp:3)
  A bunyip (Swamp:4)
  3 shambling mangroves (Swamp:2)
  A goliath frog (Swamp:1)
  A spriggan druid (Swamp:2)
  A bog body (Swamp:2)
  A deep elf pyromancer (Elf:2)
  An ugly thing (Vaults:4)
  A will-o-the-wisp (Swamp:2)
  A yaktaur (Vaults:3)
  2 tyrant leeches
  4 bloated husks
  10 hornets (Swamp:2)
  2 spriggans (Swamp:2)
  3 hogs (Swamp:2)
  A redback (Spider:1)
  A swamp worm (Swamp:4)
  An electric eel (D:8)
  2 swamp drake simulacra (Swamp:4)
  An orc (D:12)
  37 ballistomycete spores
  4 foxfires (Swamp:3)
  51 fungi
  148 plants
  4 starspawn tentacles (Swamp:2)
  12 withered plants
297 creatures vanquished.

Grand Total: 2077 creatures vanquished

Notes
Turn   | Place    | Note
-------+----------+-------------------------------------------
     0 | D:1      | dolemite99 the Minotaur Fighter began the quest for the
                  | Orb.
     0 | D:1      | Reached XP level 1. HP: 19/19 MP: 0/0
   104 | D:1      | Reached XP level 2. HP: 23/26 MP: 1/1
   106 | D:1      | Found Ymissel's Distillery.
   233 | D:1      | Found a faded altar of an unknown god.
   238 | D:1      | Prayed at the altar of an unknown god.
   238 | D:1      | Became a worshipper of Fedhas Madash
   238 | D:1      | Reached * piety under Fedhas
   313 | D:1      | Found Gonicuuz's Distillery.
   352 | D:1      | Found Xyver's Jewellery Boutique.
   356 | D:1      | Found Odeto's Antique Weapon Boutique.
   595 | D:1      | Found Otapt's Armour Shop.
   643 | D:1      | Bought a potion of curing for 30 gold pieces
   804 | D:2      | Noticed Robin
   812 | D:2      | Reached XP level 3. HP: 25/31 MP: 2/2
   819 | D:2      | Reached ** piety under Fedhas
   828 | D:2      | Killed Robin
  1178 | D:2      | Reached skill level 5 in Axes
  1313 | D:2      | Reached XP level 4. HP: 37/39 MP: 3/3
  1721 | D:2      | Found a runed translucent door.
  1722 | D:2      | Noticed Crazy Yiuf
  1863 | D:1      | Bought a potion of curing for 33 gold pieces
  2035 | D:3      | Identified the +4 dagger of Internal Strife {pain, rElec}
  2148 | D:3      | Reached XP level 5. HP: 36/45 MP: 4/4
  2341 | D:3      | Found a bloodstained altar of Trog.
  2513 | D:3      | Reached *** piety under Fedhas
  2519 | D:3      | Found a basalt altar of Yredelemnul.
  2539 | D:3      | Found a burning altar of Makhleb.
  2970 | D:1      | Bought a potion of berserk rage for 50 gold pieces
  3246 | D:4      | Reached XP level 6. HP: 41/51 MP: 5/5
  3633 | D:4      | Found a staircase to the Ecumenical Temple.
  3729 | D:4      | Noticed Blork the orc
  3745 | D:4      | Killed Blork the orc
  4195 | D:4      | Identified a scroll of acquirement
  4195 | D:4      | Acquired a +1 broad axe of electrocution
  4560 | D:1      | Bought a +0 pair of boots for 49 gold pieces
  4782 | D:5      | Entered Level 5 of the Dungeon
  4796 | D:5      | Noticed an ice beast
  4812 | D:5      | Reached XP level 7. HP: 55/57 MP: 6/6
  4845 | D:5      | Found a broken altar of Ashenzari.
  4876 | D:5      | Noticed Pikel
  4884 | D:5      | Killed Pikel
  4885 | D:5      | Reached XP level 8. HP: 58/64 MP: 5/7
  5201 | D:5      | Reached **** piety under Fedhas
  5544 | D:5      | Found a sparkling altar of Nemelex Xobeh.
  6074 | D:5      | Found a blossoming altar of Fedhas.
  6371 | D:1      | Bought a potion of heal wounds for 55 gold pieces
  6764 | D:6      | Found a shimmering blue altar of Sif Muna.
  6802 | D:6      | Reached skill level 1 in Invocations
  6816 | D:6      | Reached XP level 9. HP: 65/70 MP: 6/9
  7093 | D:6      | Reached skill level 5 in Shields
  7280 | D:6      | Found Yngo's Overcharged Wands.
  7794 | D:1      | Bought a potion of flight for 33 gold pieces
  8159 | D:7      | Found a stormy altar of Qazlal.
  8208 | D:7      | Reached ***** piety under Fedhas
  8452 | D:7      | Reached skill level 5 in Invocations
  8593 | D:7      | Identified the +0 robe "Peesm" {Contam rN+ rCorr Dex+4}
  9036 | D:1      | Bought a potion of invisibility for 88 gold pieces
  9551 | D:8      | Reached XP level 10. HP: 77/77 MP: 4/13
 11037 | D:8      | Found a staircase to the Lair.
 11257 | D:8      | Identified the +4 spear of Ygatah {elec, rF+ Int+2 SInv}
 11449 | D:8      | Found a sacrificial altar of Ru.
 11702 | D:9      | Noticed a two-headed ogre
 11712 | D:9      | Killed a two-headed ogre
 11713 | D:9      | Reached skill level 10 in Shields
 11731 | D:9      | Noticed a necromancer
 12373 | D:9      | Found an ancient bone altar of Kikubaaqudgha.
 12684 | D:9      | Killed a necromancer
 12685 | D:9      | Reached XP level 11. HP: 65/82 MP: 10/16
 12928 | D:9      | Found a staircase to the Orcish Mines.
 13009 | D:9      | Reached skill level 4 in Fighting
 13239 | D:9      | Noticed Psyche
 13621 | D:9      | Killed Psyche
 13664 | D:9      | Found Uhof's Magic Scroll Boutique.
 13887 | D:9      | Bought a scroll of blinking for 75 gold pieces
 13887 | D:9      | Bought a scroll of fog for 20 gold pieces
 13887 | D:9      | Bought a scroll of holy word for 75 gold pieces
 14067 | D:1      | Bought a potion of haste for 100 gold pieces
 14349 | D:9      | Reached skill level 5 in Fighting
 14349 | D:9      | Reached skill level 5 in Armour
 14952 | D:9      | Noticed a necromancer
 14964 | D:9      | Killed a necromancer
 15226 | D:9      | Found an opulent altar of Gozag.
 15369 | Lair:1   | Entered Level 1 of the Lair of Beasts
 15403 | Lair:1   | Reached skill level 6 in Fighting
 15625 | Lair:1   | Reached skill level 7 in Fighting
 16048 | Lair:1   | Noticed Grum
 16056 | Lair:1   | Killed Grum
 16781 | Lair:2   | Found a runed translucent gate.
 16781 | Lair:2   | Found a runed translucent gate.
 16781 | Lair:2   | Found a runed translucent gate.
 16781 | Lair:2   | Noticed avis's ghost (journeyman HOTm)
 17398 | Lair:2   | Noticed a four-headed hydra
 17409 | Lair:2   | Killed a four-headed hydra
 17410 | Lair:2   | Reached skill level 15 in Axes
 17704 | Lair:2   | Noticed Sonja
 17716 | Lair:2   | Killed Sonja
 17717 | Lair:2   | Reached XP level 12. HP: 100/100 MP: 9/17
 17938 | Lair:2   | Reached skill level 1 in Throwing
 17938 | Lair:2   | Reached skill level 1 in Evocations
 17940 | Lair:2   | Noticed a six-headed hydra
 17957 | Lair:2   | Killed a six-headed hydra
 18499 | Lair:3   | Found a frozen archway.
 18652 | Lair:3   | Found a runed translucent door.
 18657 | Lair:3   | Noticed a five-headed hydra
 19483 | Lair:3   | Found a staircase to the Swamp.
 21147 | Lair:4   | Found a dark tunnel.
 21184 | Lair:4   | Reached skill level 5 in Throwing
 21467 | Lair:4   | Reached skill level 5 in Evocations
 22697 | Lair:4   | Found a hole to the Spider Nest.
 23481 | Lair:5   | Noticed a boulder beetle
 23490 | Lair:5   | Killed a boulder beetle
 23514 | Lair:5   | Noticed a catoblepas
 23521 | Lair:5   | Noticed a death yak
 23524 | Lair:5   | Killed a catoblepas
 23531 | Lair:5   | Killed a death yak
 24390 | Lair:6   | Entered Level 6 of the Lair of Beasts
 24510 | Lair:6   | Reached XP level 13. HP: 88/105 MP: 5/18
 25132 | Lair:6   | Found a staircase to the Slime Pits.
 25395 | Lair:6   | Reached XP level 14. HP: 114/114 MP: 19/19
 25396 | Lair:6   | Reached XP level 15. HP: 121/121 MP: 20/20
 25429 | Lair:6   | Reached skill level 8 in Fighting
 25568 | Lair:6   | Reached skill level 9 in Fighting
 26214 | Lair:6   | Reached skill level 10 in Fighting
 26701 | Lair:6   | Reached skill level 11 in Fighting
 27839 | D:10     | Entered Level 10 of the Dungeon
 28101 | D:1      | Bought the ring "Anuimomu" {rPois rC+ Dex-3 SInv} for 269
                  | gold pieces
 28528 | D:10     | Noticed Nergalle
 28545 | D:10     | Killed Nergalle
 28546 | D:10     | Reached skill level 12 in Fighting
 29039 | D:11     | Identified the +8 shortbow "Xaclu" {speed, rF+ Int+3}
 29396 | D:11     | Reached skill level 13 in Fighting
 29807 | Orc:1    | Entered Level 1 of the Orcish Mines
 29898 | Orc:2    | Entered Level 2 of the Orcish Mines
 30580 | Orc:2    | Found a staircase to the Elven Halls.
 30625 | Orc:2    | Reached skill level 14 in Fighting
 31761 | Orc:2    | Found Vuproask's Distillery.
 31761 | Orc:2    | Found Keukodobi's Armour Shoppe.
 31764 | Orc:2    | Found Wixkymut's Antique Armour Shop.
 31766 | Orc:2    | Found Xodock's Distillery.
 31787 | Orc:2    | Bought a runed plate armour for 728 gold pieces
 32009 | Orc:2    | Bought a potion of might for 48 gold pieces
 32009 | Orc:2    | Bought a potion of heal wounds for 60 gold pieces
 32221 | D:1      | Bought a potion of invisibility for 80 gold pieces
 32221 | D:1      | Bought 2 potions of magic for 160 gold pieces
 32221 | D:1      | Bought a potion of cancellation for 80 gold pieces
 32433 | Orc:2    | Bought a potion of heal wounds for 80 gold pieces
 32436 | Orc:2    | Bought a potion of curing for 36 gold pieces
 32531 | D:12     | Noticed Azrael
 32535 | D:12     | Reached skill level 10 in Invocations
 32546 | D:12     | Killed Azrael
 33043 | D:12     | Noticed Fannar
 33054 | D:12     | Killed Fannar
 34632 | D:13     | Reached XP level 16. HP: 111/146 MP: 14/23
 36489 | D:14     | Found a gate to the Vaults.
 37215 | D:15     | Entered Level 15 of the Dungeon
 38065 | D:15     | Found a staircase to the Depths.
 38522 | D:15     | Found a shimmering altar of Xom.
 39940 | Swamp:1  | Entered Level 1 of the Swamp
 40497 | Spider:1 | Entered Level 1 of the Spider Nest
 40799 | Spider:1 | Identified the +0 tower shield of Midwinter {Drain Int+4
                  | Dex+2}
 40799 | Spider:1 | Noticed Louise
 40823 | Spider:1 | Noticed Frances
 41413 | Lair:4   | Reached skill level 15 in Fighting
 42345 | Lair:4   | Killed Frances
 44319 | Spider:1 | Killed Louise
 45353 | Spider:1 | HP: 7/142 [spore (24)]
 46106 | Spider:2 | Noticed ooooo's ghost (journeyman OpCj)
 46106 | Spider:2 | Found a runed translucent door.
 47398 | Spider:2 | Got the Tome of Ashen Envenoming
 47453 | Spider:2 | Noticed Nikola
 47469 | Spider:2 | Killed Nikola
 47470 | Spider:2 | Reached XP level 17. HP: 156/156 MP: 19/26
 48897 | Spider:3 | Reached skill level 16 in Fighting
 50002 | Spider:3 | HP: 2/158 [disintegration (44)]
 50423 | Spider:3 | Identified Roxanne's Reference Book on Transmigration
 50423 | Spider:3 | Noticed Roxanne
 51199 | Orc:2    | Bought a potion of heal wounds for 80 gold pieces
 51199 | Orc:2    | Bought a potion of heal wounds for 80 gold pieces
 51199 | Orc:2    | Bought a potion of curing for 48 gold pieces
 51199 | Orc:2    | Bought a potion of curing for 48 gold pieces
 51647 | Swamp:1  | Noticed a tentacled monstrosity
 51649 | Swamp:1  | Found a transporter.
 51649 | Swamp:1  | Noticed sirJeffrey23's ghost (journeyman DsMo)
 51649 | Swamp:1  | Noticed a tentacled monstrosity
 51988 | Swamp:1  | Found a transporter.
 52607 | Swamp:2  | Noticed Donald
 52615 | Swamp:2  | Killed Donald
 53249 | Swamp:2  | Reached skill level 15 in Shields
 53451 | Swamp:2  | Reached skill level 17 in Fighting
 53745 | Swamp:2  | Identified the +8 morningstar "Seubb" {vamp, rC- Str+4
                  | Dex+2}
 53765 | Swamp:2  | Noticed Kirke
 53775 | Swamp:2  | Killed Kirke
 53871 | Swamp:2  | Noticed Mlioglotl
 53884 | Swamp:2  | Reached skill level 15 in Armour
 53922 | Swamp:2  | Noticed a bone dragon
 53931 | Swamp:2  | Killed Mlioglotl
 54446 | Swamp:2  | Found a runed translucent gate.
 54446 | Swamp:2  | Found a runed translucent gate.
 54446 | Swamp:2  | Found a runed translucent gate.
 54447 | Swamp:2  | Noticed Efairey's ghost (adept DsGl)
 54449 | Swamp:2  | Noticed dolemite99's ghost (adept DsFi)
 54563 | Swamp:3  | Noticed Jorgrun
 54572 | Swamp:3  | Killed Jorgrun
 54916 | Swamp:3  | Paralysed by a fenstrider witch for 6 turns
 55864 | Swamp:4  | Entered Level 4 of the Swamp
 56863 | Swamp:4  | Reached XP level 18. HP: 155/171 MP: 24/27
 56925 | Swamp:4  | Identified the +5 glaive "Wicanomm" {spect, Int+3}
 57494 | Swamp:4  | Got a decaying rune of Zot
 57971 | D:2      | Killed Crazy Yiuf
 58247 | Lair:2   | Killed avis's ghost
 58544 | Vaults:1 | Entered Level 1 of the Vaults
 60913 | Vaults:1 | Paralysed by a sphinx for 5 turns
 62304 | Vaults:1 | Found Buomef's General Store.
 62314 | Vaults:1 | Reached skill level 15 in Invocations
 62314 | Vaults:1 | Reached skill level 10 in Evocations
 62354 | Vaults:1 | Bought a phantom mirror for 560 gold pieces
 62354 | Vaults:1 | Bought a scroll of holy word for 105 gold pieces
 62545 | Vaults:1 | Noticed Saint Roka
 62575 | Vaults:1 | Killed Saint Roka
 63619 | Vaults:1 | Glimpsed the power of Zot.
 64537 | Vaults:2 | Reached XP level 19. HP: 92/179 MP: 18/29
 65007 | Vaults:2 | Found Lemoll's Jewellery Shoppe.
 65007 | Vaults:2 | Found Aclath's Armour Shoppe.
 65039 | Vaults:2 | Found Erenyixi's Magic Scroll Shoppe.
 65453 | D:1      | Bought an amulet of faith for 400 gold pieces
 66020 | Vaults:2 | You are sucked into a shaft and drop 2 floors!
 66068 | Vaults:4 | Cast into level 2 of the Abyss (a wizard)
 66342 | Abyss:2  | Found a candlelit altar of Ignis.
 66440 | Vaults:4 | Escaped the Abyss
 67105 | Vaults:4 | Got the Compendium of Transmutation and Snow
 67822 | Vaults:4 | Identified the amulet of Cin Voxt {Spirit rElec rPois Str+3
                  | Dex-4}
 68762 | Vaults:3 | Reached skill level 18 in Fighting
 68942 | Vaults:3 | Found Ycisk's Weapon Emporium.
 69934 | Vaults:3 | Reached skill level 19 in Fighting
 71187 | Vaults:2 | Bought a scroll of teleportation for 45 gold pieces
 71187 | Vaults:2 | Bought a scroll of teleportation for 45 gold pieces
 71187 | Vaults:2 | Bought a scroll of fear for 52 gold pieces
 71187 | Vaults:2 | Bought a scroll of enchant weapon for 112 gold pieces
 71854 | Vaults:2 | Found a staircase to the Crypt.
 73036 | Vaults:4 | Reached skill level 20 in Fighting
 73195 | Vaults:4 | Identified the +8 hand axe "Gokom" {speed, Fragile rN+++
                  | rCorr}
 73282 | Vaults:4 | HP: 7/185 [poisoned by a queen bee]
 74431 | Vaults:4 | Reached XP level 20. HP: 157/195 MP: 31/31
 74704 | Vaults:4 | Reached skill level 21 in Fighting
 75434 | Vaults:4 | Got The Last Secrets of Spellcasting
 75634 | Vaults:4 | Identified the +8 dagger "Foici" {protect, Dex+5}
 75749 | Vaults:4 | Got the Handbook of Bewitching Evil
 76077 | Orc:2    | Bought a potion of curing for 36 gold pieces
 76287 | D:1      | Bought a potion of curing for 30 gold pieces
 77084 | Spider:4 | Entered Level 4 of the Spider Nest
 77495 | Elf:1    | Entered Level 1 of the Elven Halls
 77511 | Elf:1    | Paralysed by an air elemental for 1 turns
 78017 | Elf:1    | Found Okewew's Weapon Shoppe.
 78460 | Elf:1    | Noticed Aizul
 78474 | Elf:1    | Killed Aizul
 78920 | Elf:1    | Found a transporter.
 78928 | Elf:1    | Found a transporter.
 78929 | Elf:1    | Noticed sirJeffrey23's ghost (journeyman DsMo)
 79062 | Elf:1    | Got the Compendium of Creative Conjuration
 79817 | Elf:1    | Found a shimmering blue altar of Sif Muna.
 80500 | Elf:2    | Found a runed translucent gate.
 80501 | Elf:2    | Found a runed translucent gate.
 80501 | Elf:2    | Found a runed translucent gate.
 82243 | Elf:3    | Entered Level 3 of the Elven Halls
 82459 | Elf:3    | Paralysed by an air elemental for 1 turns
 83470 | Elf:3    | Reached XP level 21. HP: 206/206 MP: 31/33
 83744 | Elf:3    | Identified the +5 fire dragon scales of Gozag's Reproof
                  | {Rampage rElec rF++ rC-}
 85317 | Elf:3    | Identified the +0 great mace "Demonbane" {vorpal, *Slow
                  | rElec rPois rC-}
 85983 | Elf:3    | Identified the amulet of Mufryub {Reflect Dex+3 SH+5}
 86216 | Depths:1 | Entered Level 1 of the Depths
 86218 | Depths:1 | Noticed a caustic shrike
 86222 | Depths:1 | Paralysed by a vampire knight for 7 turns
 86227 | Depths:1 | HP: 8/199 [phantasmal warrior (3)]
 86227 | Depths:1 | Slain by a vampire knight

Illustrated notes

Levels and vault maps discovered:
D:1:      dpeg_arrival_oval, layout_rooms,
          shapermc_ecumenical_altar_mp_urbaneastern, serial_shops, shop,
          nicolae_shop_hallway_stairs, shop, shop, nicolae_diamond_shop
D:2:      layout_loops_cross, uniq_crazy_yiuf_cottage, uniq_robin
D:3:      layout_rooms, mainiacjoe_overflow_catwalk, trog_butcher_becter,
          lemuel_zombie_altar_yredelemnul, portal_sewer_entry_a,
          chequers_serial_rivers_small_3,
          nicolae_concentric_dashed_squares_mild,
          chequers_serial_rivers_micro_c, grunt_ministairs_3,
          wad_floor_pattern_1, cheibrodos_gnoll_hut
D:4:      layout_basic, minmay_temple_entry_offerings, minmay_circle_x,
          uniq_blork_the_orc
D:5:      nicolae_cairo_tiling_large_dashed, layout_basic,
          nemelex_xobeh_ov_fountains_minmay, mainiacjoe_overflow_boulevard,
          fedhas_altar_fruit_tree, chequers_garden, uniq_pikel
D:6:      layout_cave_pods, tgw_sif, nicolae_shop_overcharged_wands
D:7:      layout_rooms, grunt_qazlal_sundering, minmay_crystal_water,
          hangedman_abyss_or_decor_passed, minivault_26,
          minmay_fractal_squares_diagonal_5
D:8:      layout_loops_ring, nicolae_ru_great_annihilating_truth,
          erik_lair_island, minivault_10
D:9:      hangedman_screamer, layout_basic, kennysheep_mini,
          grunt_gozag_breadcrumbs, orc_0_dummy, serial_shops,
          nicolae_shop_behind_doors, serial_bayou, serial_bayou_pond_e,
          serial_bayou_ford_a, serial_bayou_crossing, serial_bayou_lake_a,
          uniq_psyche
D:10:     layout_roguey, uniq_nergalle
D:11:     layout_irregular_city
D:12:     layout_small_grid, uniq_fannar, uniq_azrael
D:13:     layout_big_octagon, serial_bayou, serial_bayou_pond_e,
          serial_bayou_shore_b, serial_bayou_lagoon_b, serial_bayou_pond_c,
          minmay_fractal_squares_gapless_5
D:14:     layout_roguey, lightli_vaults_fourway_checkpoint, kennysheep_donut,
          special_room [special_room_orc]
D:15:     gammafunk_depths_entry_grave, layout_irregular_city, xom_teletrap_fun
Lair:1:   layout_chaotic_city, bh_autumn_forest_stairs, uniq_grum
Lair:2:   layout_loops_ring, gammafunk_ghost_split, eino_house_with_fridge,
          uniq_sonja
Lair:3:   layout_chaotic_city, minmay_swamp_entry_worms,
          portal_ice_cave_entry_imps, pf_torpor_hydra
Lair:4:   layout_small_grid, nicolae_spider_entry_tight_spaces,
          nicolae_volcano_entry_lava_flow, serial_bayou_shore_a
Lair:5:   layout_long_grid, nicolae_lair_yak_garden
Lair:6:   minmay_lair_end_enchanted_forest, layout_loops_ring,
          minmay_slime_entry_pillars, grunt_megastairs_5,
          infiniplex_staircase_pool
Swamp:1:  layout_basic_swamp, gammafunk_ghost_arena,
          evilmike_swamp_ruin_house_2, swamp_pool3
Swamp:2:  nzn_winding_woodlands_small [nzn_winding_woodlands_5x15_cabin,
          nzn_winding_woodlands_center_pierced_h,
          nzn_winding_woodlands_5x15_jagged], layout_basic_swamp,
          gammafunk_ghost_cemetery, evilmike_swamp_ruin_house_6, uniq_mlioglotl,
          uniq_donald, uniq_kirke
Swamp:3:  layout_basic_swamp, hangedman_swamp_ruin_wall, swamp_pool1,
          uniq_jorgrun
Swamp:4:  swamp_icy, layout_basic_swamp, swamp_pool1,
          nicolae_swamp_super_fun_site
Spider:1: layout_spider_delve, uniq_frances, uniq_louise
Spider:2: layout_spider_delve, gammafunk_ghost_grave, uniq_nikola
Spider:3: layout_spider_delve, hangedman_spider_mandibles,
          nicolae_spider_orb_run, uniq_roxanne
Spider:4: grunt_spider_rune_island
Orc:1:    layout_diamond_mine
Orc:2:    st_orc_rangers, layout_caves, abandoned_shop
Elf:1:    elf_arrival_002, layout_gridlike, serial_shops, shop_coins,
          gammafunk_ghost_berserking_beasts, minmay_elf_sorcery,
          grunt_ministairs_4, lemuel_upstairs_altar, uniq_aizul
Elf:2:    nicolae_elf_blades_crystal_corner, layout_onion_city,
          eino_tiny_chamber
Elf:3:    elf_hall_gauntlet_wide, layout_loops_cross, grunt_megastairs_3,
          minmay_shop_grove
Vaults:1: ontoclasm_vaults_tryst, ontoclasm_vaults_gateway, grunt_vaults_twisty,
          v_alt_pattern_5, vaults_standard_mumra_x,
          nicolae_vaults_little_squares_6,
          nicolae_vaults_windows_and_doors_thing, grunt_vaults_funnel,
          v_rooms_2, v_alt_pattern_3, ontoclasm_vaults_ligature,
          grunt_vaults_hallway_short, hangedman_vaults_stretched_pinwheel,
          layout_vaults_omnicross, serial_shops,
          nicolae_shop_competitors_out_of_business, uniq_saint_roka
Vaults:2: hangedman_vaults_hard_town_square, vaults_dpeg_encased_lava,
          v_pattern_2, nicolae_vaults_angled_halls,
          nicolae_vaults_diagonal_hallway_8, hangedman_vaults_river_flow,
          ontoclasm_vaults_pinch, vaults_room_octagon, layout_vaults_maze_bifur,
          minmay_crypt_entry_simple_box
Vaults:3: vaults_room_fours, vaults_room_stairs_pillars,
          nicolae_vaults_rhombus_6, nicolae_vaults_little_squares_3, v_misc_19,
          v_misc_27, layout_vaults_quadrants, serial_shops,
          nicolae_shop_statue_plus
Vaults:4: vaults_mumra_chevron, vaults_room_fours,
          nicolae_vaults_inception_corners, st_greater_box_4,
          nicolae_vaults_alarming, vaults_dpeg_ring,
          nicolae_vaults_little_squares_4, layout_vaults_omnibox, serial_shops,
          bzr_entry_dummy
Depths:1: layout_twisted_cross, serial_bayou_pond_d, serial_shops, shop_statue,
          nicolae_shop_crystal, shop, shop_fountains, nicolae_shop_stone,
          rand_demon_pan_entry_1, hell_entry, dispersion_dpeg, uniq_mara

Skill      XL: |  1  2  3  4  5  6  7  8  9 10 11 12 13 14 15 16 17 18 19 20 |
---------------+-------------------------------------------------------------+-----
Axes           | 3 4 5 6 8 9 11 13 15 17 | 17.7
Shields        | 4 8 11 13 15 | 15.8
Invocations    | 1 6 9 11 13 15 16 18 | 18.6
Fighting       | 7 14 15 17 20 21 | 21.9
Armour         | 7 11 13 15 17 | 17.8
Throwing       | 7 |  7.0
Evocations     | 6 11 13 | 13.0

Action                   |  1- 3 |  4- 6 |  7- 9 | 10-12 | 13-15 | 16-18 | 19-21 || total
-------------------------+-------+-------+-------+-------+-------+-------+-------++-------
Melee: War axe           |    66 |   115 |       |    38 |       |       |       ||   219
       Headbutt          |    10 |    18 |    27 |   103 |    69 |   346 |   284 ||   857
       Broad axe         |       |    14 |   181 |   461 |   346 |  1228 |   657 ||  2887
       Unarmed           |       |       |       |     4 |       |       |       ||     4
       Flail             |       |       |       |     3 |     9 |     8 |       ||    20
       Demon trident     |       |       |       |       |       |    22 |       ||    22
       Demon whip        |       |       |       |       |       |       |   209 ||   209
Throw: Stone             |       |    22 |    32 |    78 |    36 |   224 |   114 ||   506
       Dart              |       |       |       |    15 |    14 |    69 |    72 ||   170
       Boomerang         |       |       |       |     4 |   144 |    27 |       ||   175
       Javelin           |       |       |       |       |       |       |     4 ||     4
Invok: Grow Ballistomyce |       |       |     2 |    25 |    15 |    37 |    39 ||   118
       Wall of Briars    |       |       |       |     3 |     6 |     6 |     7 ||    22
Evoke: Wand              |       |       |     4 |    22 |    15 |    26 |    46 ||   113
       Box of beasts     |       |       |       |     1 |     2 |     7 |     4 ||    14
       Phial of floods   |       |       |       |     1 |     2 |     5 |     4 ||    12
       Lightning rod     |       |       |       |       |       |     9 |     8 ||    17
       Condenser vane    |       |       |       |       |       |     2 |     6 ||     8
       Phantom mirror    |       |       |       |       |       |       |     4 ||     4
  Use: Scroll            |     3 |     8 |     5 |     6 |     8 |    15 |    19 ||    64
       Potion            |     2 |       |     4 |     2 |     6 |    22 |    12 ||    48
 Stab: Invisible         |       |       |     2 |     1 |       |       |       ||     3
       Confused          |       |       |     1 |     1 |       |     3 |     2 ||     7
       Paralysed         |       |       |       |     2 |       |       |       ||     2
       Distracted        |       |       |       |       |       |       |     1 ||     1
Armor: Scale mail        |    44 |    48 |    12 |       |       |       |       ||   104
       Chain mail        |       |       |    64 |   114 |       |       |       ||   178
       Skin              |       |       |    12 |    21 |       |       |       ||    33
       Plate armour      |       |       |       |    70 |   227 |   755 |   529 ||  1581
Dodge: Dodged            |    41 |    49 |    46 |   110 |    89 |   304 |   199 ||   838
Block: Buckler           |    19 |    26 |     9 |       |       |       |       ||    54
       Kite shield       |       |       |    37 |   291 |   283 |   810 |   559 ||  1980

Table legend: (Time is in decaauts)
 A = Elapsed time spent in this place.
 B = Non-inter-level travel time spent in this place.
 C = Inter-level travel time spent in this place.
 D = Time resting spent in this place.
 E = Time spent auto-exploring this place.
 F = Levels seen in this place.
 G = Mean time per level.
                   A        B        C        D        E       F      G
               +--------+--------+--------+--------+--------+-----+--------+
         Total |  86185 |  78468 |   7717 |  40528 |  25114 |  40 | 2154.6 |
       Dungeon |  27118 |  22313 |   4805 |   9367 |   9150 |  15 | 1807.9 |
          Lair |  17332 |  15878 |   1454 |   9647 |   4482 |   6 | 2888.7 |
         Swamp |   6602 |   6349 |    253 |   3042 |   1804 |   4 | 1650.5 |
   Spider Nest |   7370 |   7159 |    211 |   4295 |   1504 |   4 | 1842.5 |
  Orcish Mines |   2642 |   2154 |    488 |   1290 |    465 |   2 | 1321.0 |
   Elven Halls |   8465 |   8302 |    163 |   3939 |   3014 |   3 | 2821.7 |
        Vaults |  16305 |  15965 |    340 |   8936 |   4593 |   4 | 4076.2 |
        Depths |     10 |     10 |      0 |      0 |      0 |   1 |   10.0 |
         Abyss |    339 |    339 |      0 |      9 |    101 |   1 |  339.0 |
               +--------+--------+--------+--------+--------+-----+--------+

Top non-repeatable levels by time:
  Lair:4: 6338 daAuts
Vaults:1: 5140 daAuts
Vaults:4: 5107 daAuts
   Elf:2: 4008 daAuts
     D:9: 3460 daAuts
Spider:1: 3376 daAuts
     D:8: 3355 daAuts
Vaults:3: 3349 daAuts
  Lair:6: 3011 daAuts
  Lair:3: 2785 daAuts
Spider:3: 2774 daAuts
   Elf:1: 2738 daAuts
Vaults:2: 2708 daAuts
    D:15: 2497 daAuts
     D:2: 2470 daAuts
